Map: Cinder Fortress

Players

A.I. 1 (Very Hard) - Winner!

  • Race: Zerg Zerg
  • Spawn Location: 11:00

larsgj

  • Race: Terran Terran
  • Spawn Location: 3:00

VOD

Have the link to the VOD?

Description

Time

  • Played on: Feb. 23, 2019, 6:21 a.m.
  • Length: 9:33
Show
View Real Time Build Order
Export as new Build Order

A.I. 1 (Very Hard) Zerg - Winner!

Build Orders: Pool First 

Get SALT Encoding   

  12  0:00  Drone  
  13  0:12  Overlord  
  13  0:17  Drone  
  14  0:30  Drone x2  
  16  0:43  Spawning Pool  
  16  0:45  Drone  
  16  0:49  Drone  
  17  1:14  Hatchery, Drone  
  17  1:17  Extractor  
  17  1:18  Drone  
  17  1:22  Drone  
  18  1:27  Drone  
  19  1:38  Overlord  
  19  1:48  Queen  
  19  1:49  Drone  
  22  1:59  Zergling x2  
  23  2:10  Drone  
  24  2:21  Drone  
  25  2:23  Roach Warren  
  25  2:24  Queen  
  25  2:25  Drone  
  25  2:29  Extractor  
  26  2:34  Drone  
  27  2:43  Overlord  
  27  2:46  Drone  
  27  2:50  Drone  
  29  2:53  Drone  
  29  2:56  Drone  
  31  3:00  Drone  
  31  3:02  Zergling x2  
  33  3:06  Zergling x2  
  33  3:11  Roach  
  36  3:16  Roach  
  38  3:20  Roach  
  38  3:24  Roach  
  38  3:26  Drone  
  43  3:29  Drone  
  44  3:34  Overlord  
  44  3:41  Lair  
  44  3:46  Metabolic Boost  
  44  3:51  Overlord  
  44  3:53  Drone  
  45  3:55  Drone  
  45  3:58  Drone  
  45  4:00  Zergling x2  
  48  4:03  Zergling x2  
  48  4:05  Zergling x2  
  50  4:11  Drone, Evolution Chamber  
  50  4:16  Evolution Chamber  
  49  4:17  Drone  
  49  4:19  Drone  
  49  4:22  Drone  
  49  4:23  Drone  
  53  4:26  Drone  
  54  4:38  Zerg Missile Weapons Level 1  
  54  4:42  Zerg Ground Armor Level 1  
  54  4:43  Drone, Hydralisk Den  
  54  4:45  Overlord  
  54  4:49  Roach  
  54  4:52  Roach  
  58  5:03  Overlord  
  58  5:04  Extractor, Drone x2  
  58  5:06  Drone  
  60  5:07  Drone  
  60  5:09  Drone  
  60  5:11  Drone  
  60  5:13  Hydralisk, Drone  
  66  5:16  Hydralisk  
  68  5:22  Drone, Overlord  
  68  5:24  Drone  
  68  5:26  Drone  
  68  5:27  Drone  
  72  5:29  Drone  
  72  5:31  Drone  
  74  5:37  Drone  
  74  5:38  Drone  
  74  5:41  Infestation Pit  
  75  5:44  Overlord  
  75  5:46  Drone  
  75  5:49  Roach  
  78  5:51  Roach  
  78  5:54  Roach  
  82  6:03  Roach x2, Overlord, Ravager  
  87  6:11  Ravager  
  88  6:12  Extractor  
  88  6:14  Roach  
  88  6:16  Evolution Chamber  
  88  6:17  Drone  
  89  6:19  Infestor  
  89  6:21  Overlord  
  91  6:31  Spine Crawler  
  91  6:32  Drone, Infestor  
  93  6:34  Drone x3, Spine Crawler  
  93  6:36  Drone  
  93  6:37  Hydralisk  
  98  6:41  Overlord  
  98  6:42  Hydralisk  
  100  7:01  Infestor  
  100  7:06  Baneling Nest  
  100  7:12  Spore Crawler  
  100  7:13  Drone  
  100  7:14  Drone, Spore Crawler  
  100  7:23  Hatchery, Infestor, Drone  
  100  7:25  Roach, Overlord  
  100  7:28  Roach  
  108  7:30  Roach  
  108  7:34  Hydralisk  
  110  7:39  Hydralisk  
  110  7:44  Overlord, Overseer  
  112  7:51  Baneling  
  112  7:55  Lurker Den  
  111  8:06  Baneling  
  111  8:08  Baneling  
  111  8:11  Baneling  
  111  8:12  Baneling  
  111  8:15  Baneling  
  111  8:17  Baneling, Zergling x2  
  111  8:18  Spine Crawler  
  111  8:19  Baneling  
  111  8:22  Baneling, Zergling x2  
  112  8:34  Baneling  
  112  8:35  Drone x4, Zergling x2, Baneling, Queen  
  112  8:36  Drone x3, Overlord  
  112  8:37  Drone x4  
  112  8:38  Drone  
  112  8:40  Baneling  
  112  8:41  Baneling  
  127  8:44  Drone x2, Zergling x2  
  127  8:45  Drone  
  127  8:47  Extractor, Drone  
  127  8:48  Drone x3  
  134  8:50  Extractor, Drone  
  134  8:55  Overlord, Baneling x2  
  134  8:57  Zergling x2  
  134  9:02  Baneling x2, Zergling x2  
  136  9:06  Roach  
  136  9:08  Roach  
  140  9:10  Drone  
  140  9:16  Drone x2  
  143  9:17  Drone, Baneling  
  143  9:18  Baneling  
Show
View Real Time Build Order
Export as new Build Order

larsgj Terran 

Build Orders: 2 Factory 

Get SALT Encoding   

  12  0:01  SCV  
  13  0:16  Supply Depot  
  13  0:17  SCV  
  14  0:29  SCV  
  15  0:41  Barracks, SCV  
  16  0:46  Supply Depot  
  16  0:53  SCV  
  17  0:58  Refinery  
  17  1:06  SCV  
  18  1:15  Engineering Bay  
  18  1:19  SCV  
  18  1:25  Supply Depot  
  19  1:30  Marine  
  20  1:42  SCV  
  20  1:43  Refinery  
  21  1:47  Marine  
  22  1:54  SCV  
  23  2:05  Marine  
  24  2:09  SCV  
  25  2:21  SCV  
  26  2:23  Marine  
  27  2:32  Factory  
  27  2:34  SCV  
  28  2:41  Marine, Factory  
  29  2:46  SCV  
  30  2:58  SCV  
  31  2:59  Marine  
  31  3:01  Barracks  
  32  3:10  SCV  
  32  3:12  Supply Depot  
  33  3:16  Marine  
  34  3:22  SCV  
  34  3:25  Starport  
  35  3:31  Armory  
  35  3:34  Marine  
  35  3:35  Supply Depot  
  36  3:49  Barracks Tech Lab  
  36  3:52  Marine  
  37  4:01  Missile Turret  
  37  4:10  Marine  
  38  4:18  Combat Shield  
  38  4:22  Missile Turret  
  38  4:25  Medivac  
  38  4:28  Marine  
  41  4:35  Starport  
  41  4:45  Marine  
  41  4:47  Marine  
  43  4:55  Medivac  
  45  5:02  Terran Vehicle And Ship Armor Level 1  
  45  5:03  Marine  
  45  5:05  Marine  
  47  5:10  Hi-Sec Auto Tracking  
  47  5:17  Missile Turret  
  47  5:21  Marine  
  47  5:23  Marine  
  47  5:25  Medivac  
  51  5:37  Missile Turret  
  51  5:39  Marine, Starport Tech Lab  
  51  5:40  Marine  
  53  5:51  Orbital Command  
  53  5:56  Supply Depot  
  53  5:57  Marine, Missile Turret  
  53  5:58  Marine  
  55  6:08  Terran Infantry Weapons Level 1  
  55  6:18  Marine, Missile Turret  
  56  6:25  Rapid Reignition System  
  56  6:42  Supply Depot  
  56  6:47  Marine x2  
  58  7:04  Supply Depot  
  58  7:05  Marine  
  59  7:19  Bunker  
  59  7:27  Supply Depot  
  59  7:30  Barracks Tech Lab  
  59  7:34  Marine  
  60  7:49  Supply Depot  
  60  7:51  Marine  
  60  7:53  Bunker  
  61  8:03  Starport Tech Lab  
  61  8:10  Marauder  
  63  8:25  Bunker  
  63  8:28  Command Center  
  63  8:31  Marauder  
  65  8:35  Bunker  
  65  8:51  Marauder  
  67  9:06  Bunker  
Tags
 
Add a new tag
Caveats
  • Supply blocks, unpowered buildings, or Contaminate may cause inaccurate times.
  • Supply counts are checked every 10 seconds.